 Dungeon Crawl Stone Soup version 0.21.0-3-g78d12a8 (webtiles) character file.

1460 Helmschank the Carver (level 8, -3/73 HPs)
             Began as a Hill Orc Monk on Jan 8, 2018.
             Was a Believer of Wu Jian.
             Slain by an orc warrior
             ... wielding a +1 dire flail of protection
              (9 damage)
             ... on level 7 of the Dungeon.
             The game lasted 00:31:10 (5792 turns).

Helmschank the Carver (Hill Orc Monk)               Turns: 5792, Time: 00:31:11

Health: -3/73      AC: 12    Str: 16    XL:     8   Next: 76%
Magic:  8/8        EV:  8    Int: 10    God:    Wu Jian [**....]
Gold:   276        SH:  0    Dex: 16    Spells: 7/7 levels left

rFire    . . .     SeeInvis .   a - +1 falchion
rCold    . . .     Gourm    .   (no shield)
rNeg     . . .     Faith    .   C - +0 chain mail
rPois    .         Spirit   .   (no helmet)
rElec    .         Reflect  .   (no cloak)
rCorr    .         Harm     .   B - +1 pair of gloves
MR       +....                  (no boots)
Stlth    ..........             k - amulet of regeneration
HPRegen  0.62/turn              r - ring of protection from magic
MPRegen  0.11/turn              l - +3 ring of dexterity

@: no status effects
A: no striking features
a: Wall Jump, Renounce Religion


You were on level 7 of the Dungeon.
You worshipped Wu Jian.
Wu Jian was pleased with you.
You were not hungry.

You visited 1 branch of the dungeon, and saw 7 of its levels.

You collected 276 gold pieces.

Inventory:

Hand Weapons
 a - a +1 falchion (weapon)
 b - a +0 blowgun
 w - a +0 hand axe
Missiles
 h - 39 poisoned needles
 j - 45 bolts
 y - 4 curare-tipped needles
 U - 98 stones (quivered)
Armour
 f - a +0 cloak
 B - a +1 pair of gloves (worn)
 C - a +0 chain mail (worn)
Jewellery
 k - an amulet of regeneration (around neck)
 l - a +3 ring of dexterity (right hand)
 r - a ring of protection from magic (left hand)
 z - an uncursed ring of fire
 D - an uncursed ring of fire
Wands
 q - a wand of iceblast (10)
 H - a wand of polymorph (10)
Scrolls
 d - a scroll of amnesia
 g - a scroll of enchant weapon
 t - 3 scrolls of remove curse
 v - 3 scrolls of teleportation
 E - 2 scrolls of enchant armour
 F - a scroll of blinking
 G - a scroll of immolation {unknown}
Potions
 e - 3 potions of might
 m - 3 potions of brilliance
 n - a potion of mutation
 o - a potion of haste {unknown}
 s - a potion of curing {unknown}
 u - a potion of heal wounds {unknown}
 x - 2 potions of magic {unknown}
 A - 3 potions of agility
Books
 i - Saosk's Reference Book on Destructive Weightlessness
   (You found it on level 6 of the Dungeon)

   Spells                             Type                      Level
   a - Magic Dart                     Conjuration                  1
   b - Summon Lightning Spire         Summoning/Air                4
   c - Bolt of Draining               Conjuration/Necromancy       5
 p - a book of Cantrips

   Spells                             Type                      Level
   a - Confusing Touch                Hexes                        1
   b - Animate Skeleton               Necromancy                   1
   c - Summon Small Mammal            Summoning                    1
   d - Apportation                    Translocation                1
Comestibles
 c - 12 rations
 I - 2 chunks of flesh


   Skills:
 - Level 7.2 Fighting
 + Level 9.0 Long Blades
 - Level 5.3 Armour
 - Level 2.4 Dodging
 - Level 1.5 Stealth


You had 7 spell levels left.
You didn't know any spells.

Dungeon Overview and Level Annotations

Branches:
Dungeon (7/15)
 Temple: D:4-7

Altars:
Cheibriados
Dithmenos
Fedhas
Kikubaaqudgha
Okawaru
Qazlal
Sif Muna
Wu Jian
Yredelemnul
Zin

Shops:
D:4 *


Message History

The orc warrior is heavily wounded.
You hit the orc warrior but do no damage.
The orc warrior is heavily wounded.
The orc warrior hits you with a dire flail of protection!
* * * LOW HITPOINT WARNING * * *
You take 7 damage, and have 5/73 hp.
You repeatedly attack the orc warrior from above.
You hit the orc warrior but do no damage.
The orc warrior is heavily wounded.
You barely miss the orc warrior.
The orc warrior is heavily wounded.
The orc warrior barely misses you.
The orc warrior hits you with a dire flail of protection.
* * * LOW HITPOINT WARNING * * *
You take 1 damage, and have 6/73 hp.
You spin and attack the orc warrior.
You hit the orc warrior but do no damage.
The orc warrior is heavily wounded.
The orc warrior hits you with a dire flail of protection!
You die...

#.......+ ...Z ###.......#
##+# #..
...####+#####..###(####
...#..................#
...#................).#
...#................).#
...#.............§....+
...#............§.§...#
...')...........@o....##.
...#......................
...#...##..##...########...
...#...##..##...# ..
...#....#.......# .
...#....#.......#
...#....#.......#
...#....#....<..#
...#....#.......#


You could see an orc warrior (pinned).

Vanquished Creatures
  Eustachio (D:6)
  4 phantoms
  A centaur (D:5)
  An ogre (D:7)
  A water moccasin skeleton (D:7)
  A howler monkey (D:5)
  2 crimson imps
  4 orc wizards
  2 hounds
  2 orc priests (D:5)
  5 worker ants
  6 gnolls
  A worker ant zombie (D:6)
  8 adders
  2 shadow imps (D:5)
  An ooze (D:3)
  2 adder skeletons
  5 worms
  2 dart slugs
  3 leopard geckos
  20 orcs
  8 giant cockroaches
  9 goblins
  14 hobgoblins
  16 jackals
  4 quokkas
  A ball python (D:2)
  6 bats
  2 frilled lizards (D:1)
  9 kobolds
  3 quokka skeletons
  A quokka zombie (D:5)
  5 rats
152 creatures vanquished.

Notes
Turn   | Place    | Note
-------+----------+-------------------------------------------
     0 | D:1      | Helmschank the Hill Orc Monk began the quest for the Orb.
     0 | D:1      | Reached XP level 1. HP: 19/19 MP: 1/1
   306 | D:1      | Reached XP level 2. HP: 26/26 MP: 2/2
   318 | D:1      | Reached skill level 4 in Long Blades
   733 | D:2      | Reached XP level 3. HP: 30/31 MP: 3/3
   824 | D:2      | Reached skill level 5 in Long Blades
   956 | D:2      | Reached XP level 4. HP: 34/39 MP: 4/4
  1709 | D:3      | Found a basalt altar of Yredelemnul.
  1890 | D:3      | Reached skill level 6 in Long Blades
  1991 | D:3      | Reached skill level 1 in Armour
  1991 | D:3      | Reached XP level 5. HP: 28/45 MP: 5/5
  2926 | D:4      | Found a snail-covered altar of Cheibriados.
  2987 | D:4      | Reached XP level 6. HP: 53/53 MP: 6/6
  3037 | D:4      | Noticed a phantom
  3067 | D:4      | Killed a phantom
  3067 | D:4      | Reached skill level 5 in Fighting
  3195 | D:4      | Found Poadghaty's General Store.
  3218 | D:4      | Found a deep blue altar of Sif Muna.
  3631 | D:5      | Entered Level 5 of the Dungeon
  3659 | D:5      | Reached XP level 7. HP: 55/61 MP: 7/7
  3699 | D:5      | Reached skill level 7 in Long Blades
  3805 | D:5      | Found an ornate altar of the Wu Jian Council.
  3807 | D:5      | Found an ancient bone altar of Kikubaaqudgha.
  3807 | D:5      | Found a glowing silver altar of Zin.
  3807 | D:5      | Found a stormy altar of Qazlal.
  3839 | D:5      | Became a worshipper of the Wu Jian Council
  3839 | D:5      | Reached * piety under Wu Jian
  3839 | D:5      | Reached ** piety under Wu Jian
  3844 | D:5      | Reached skill level 8 in Long Blades
  4023 | D:5      | Found a shadowy altar of Dithmenos.
  4051 | D:5      | Found a blossoming altar of Fedhas.
  4072 | D:5      | Found an iron altar of Okawaru.
  4303 | D:5      | Reached skill level 9 in Long Blades
  4303 | D:5      | Reached XP level 8. HP: 54/68 MP: 8/8
  4908 | D:6      | Found a deep blue altar of Sif Muna.
  4911 | D:6      | Noticed Eustachio
  4950 | D:6      | Killed Eustachio
  4950 | D:6      | Reached skill level 5 in Armour
  4959 | D:6      | Identified Saosk's Reference Book on Destructive Weightlessness
  5792 | D:7      | Slain by an orc warrior

Skill      XL: |  1  2  3  4  5  6  7  8 |
---------------+-------------------------+-----
Long Blades    | 4 5 6 9 |  9.0
Armour         | 1 3 5 |  5.3
Fighting       | 4 5 7 |  7.2
Dodging        | |  2.4
Stealth        | |  1.5

Action                   |  1- 3 |  4- 6 |  7- 9 || total
-------------------------+-------+-------+-------++-------
Melee: Falchion          |   102 |   298 |   297 ||   697
Throw: Stone             |    33 |   115 |    27 ||   175
Invok: Whirlwind         |       |       |    59 ||    59
       Lunge             |       |       |    12 ||    12
       Wall Jump         |       |       |    16 ||    16
  Use: Scroll            |       |     9 |     4 ||    13
 Stab: Sleeping          |     1 |       |       ||     1
  Eat: Chunk             |       |     9 |     8 ||    17
Armor: Ring mail         |    31 |    40 |       ||    71
       Scale mail        |       |    31 |    36 ||    67
       Chain mail        |       |       |    57 ||    57
Dodge: Dodged            |    58 |   142 |    96 ||   296
       Rpst.: Falchion   |    14 |    48 |    35 ||    97
